 Dungeon Crawl Stone Soup version 0.30.0-5-g1a98f26d00 (webtiles) character file.

Game seed: 18062967429569050040

251 qeuew the Covered (level 5, -1/42 HPs)
             Began as a Minotaur Fighter on May 8, 2023.
             Was an Initiate of Trog.
             Killed from afar by an orc wizard (8 damage)
             ... with a magic dart
             ... on level 5 of the Dungeon.
             The game lasted 00:03:22 (2834 turns).

qeuew the Covered (Minotaur Fighter)                Turns: 2834, Time: 00:03:22

Health: -1/42      AC:  9    Str: 30    XL:     5   Next: 88%
Magic:  4/4        EV: 11    Int:  4    God:    Trog [......]
Gold:   744        SH:  5    Dex: 11    Spells: 4/4 levels left

rFire   + . .        a - +0 war axe
rCold   . . .        c - +0 buckler
rNeg    . . .        j - +3 ring mail {rF+}
rPois   .            (helmet unavailable)
rElec   .            (no cloak)
rCorr   +            (no gloves)
SInv    .            (no boots)
Will    .....        (no amulet)
Stlth   +            h - ring of resist corrosion
HPRegen 0.27/turn    b - +6 ring of strength
MPRegen 0.09/turn

%: no passive effects
@: mighty
A: horns 3, retaliatory headbutt, frail 1, strong 1
a: Renounce Religion


You were on level 5 of the Dungeon.
You worshipped Trog.
Trog was noncommittal.
You visited 1 branch of the dungeon, and saw 5 of its levels.

You collected 744 gold pieces.

Inventory:

Hand Weapons
 a - a +0 war axe (weapon)
Armour
 c - a +0 buckler (worn)
 j - a +3 ring mail of fire resistance (worn)
Jewellery
 b - a +6 ring of strength (right hand)
 h - a ring of resist corrosion (left hand)
Scrolls
 f - a scroll of fog {unknown}
 i - a scroll of blinking
 l - a scroll of magic mapping
Potions
 e - 3 potions of curing
 g - a potion of resistance
 k - a potion of magic


   Skills:
 + Level 4.5 Fighting
 + Level 3.7 Axes
 * Level 5.6 Armour
 + Level 2.1 Dodging
 + Level 4.7 Shields


You had 4 spell levels left.
You didn't know any spells.
Your spell library contained the following spells:

 Spells                   Type           Power      Damage    Failure   Level
 Freeze                   Ice            0%         1d3       67%         1
 Magic Dart               Conj           0%         1d3       67%         1
 Call Imp                 Summ           0%         N/A       80%         2
 Mephitic Cloud           Conj/Pois/Air  0%         N/A       95%         3
 Summon Guardian Golem    Hex/Summ       0%         N/A       95%         3
 Monstrous Menagerie      Summ           0%         N/A       100%        7
 Dragon's Call            Summ           0%         N/A       100%        9


Dungeon Overview and Level Annotations

Branches:
Dungeon (5/15)
 Temple: D:4-7

Altars:
Elyvilon
Gozag
Makhleb
Trog


Innate Abilities, Weirdness & Mutations

You have a pair of large horns on your head.
You reflexively headbutt those who attack you in melee.
You are frail. (-10% HP)
Your muscles are strong. (Str +4, Int/Dex -1)


Message History

An orc priest comes into view. It is wielding a +1 heavy hand axe.
The orc shouts!
The orc priest miscasts a cantrip.
There are monsters nearby!
An orc wizard comes into view. It is wielding a +1 dagger of venom.
Found a stone staircase leading down.
The orc priest hits you with a +0 trident!
The orc wizard points at you and mumbles some strange words.
The magic dart hits you.
The orc priest begins to cast a cantrip, but forgets the words!
There are monsters nearby!
You hit the orc priest but do no damage.
You hit the orc priest.
The orc wizard casts a spell.
The orc wizard flickers and vanishes!
Deactivating autopickup; reactivate with Ctrl-A.
The orc priest mumbles some strange prayers to Beogh against you.
Pain shoots through your body!
The orc priest looks satisfied for a moment.
Okay, then.
Okay, then.
You feel very mighty all of a sudden.
The orc priest calls upon Beogh to heal the orc priest.
The orc priest's wounds heal themselves!
The orc priest calls down the wrath of Beogh upon you.
Beogh smites you!
* * * LOW HITPOINT WARNING * * *
You block the orc priest's attack.
You hit the orc priest.
The orc priest is moderately wounded.
You slash the orc!
You kill the orc!
Trog accepts your kill.
You slash the orc priest!
You kill the orc priest!
Trog accepts your kill. You block the orc priest's attack.
A magic dart appears from out of thin air!
The magic dart hits you!
You die...

#### ##...## ##...##
#....# ##...## ###...##
##### ####....#####....
#####.......###......
####..).........#.......
......o@.#...†..........
......)###..............
....o.. ##..............
.....{. #...............
....... #...............
>...... #...............
......# #...............
....## ##...............
#................


You could see 2 orc priests.

Vanquished Creatures
  A bullfrog (D:4)
  An orc priest (D:5)
  An iguana (D:4)
  Robin (D:3)
  5 adders
  A shadow imp (D:5)
  A worm (D:4)
  2 dart slugs
  7 orcs
  6 bats
  10 endoplasms
  4 giant cockroaches
  13 goblins
  6 hobgoblins
  3 quokkas
  9 ball pythons
  7 frilled lizards
  7 kobolds
  4 rats
89 creatures vanquished.

Notes
Turn   | Place    | Note
-------+----------+-------------------------------------------
     0 | D:1      | qeuew the Minotaur Fighter began the quest for the Orb.
     0 | D:1      | Reached XP level 1. HP: 19/19 MP: 0/0
   231 | D:1      | Reached XP level 2. HP: 27/27 MP: 1/1
   298 | D:1      | Reached skill level 4 in Armour
   545 | D:1      | Gained mutation: You expend magic power (3 MP) to
                  | strengthen your wands. [potion of mutation]
   550 | D:1      | Lost mutation: You expend magic power (3 MP) to strengthen
                  | your wands. [potion of mutation]
   550 | D:1      | Gained mutation: You have hidden genetic potential. [potion
                  | of mutation]
   550 | D:1      | Gained mutation: You are frail. (-10% HP) [potion of
                  | mutation]
   675 | D:2      | Found a white marble altar of Elyvilon.
   750 | D:2      | Reached XP level 3. HP: 29/29 MP: 2/2
   958 | D:2      | Got Sif Muna's Directory of Phantasmal Ice
  1129 | D:3      | Reached skill level 1 in Dodging
  1142 | D:3      | Gained mutation: Your muscles are strong. (Str +4, Int/Dex
                  | -1) [hidden potential]
  1291 | D:3      | Reached XP level 4. HP: 32/36 MP: 3/3
  1333 | D:3      | Noticed Robin
  1344 | D:3      | Killed Robin
  1346 | D:3      | Gained mutation: You have a pair of large horns on your
                  | head. [hidden potential]
  1346 | D:3      | Lost mutation: You have hidden genetic potential. [hidden
                  | potential expressed]
  1532 | D:3      | Found a bloodstained altar of Trog.
  1537 | D:3      | Became a worshipper of Trog the Wrathful
  1628 | D:3      | Found a faded altar of an unknown god.
  1917 | D:4      | Reached skill level 5 in Armour
  1917 | D:4      | Reached XP level 5. HP: 36/41 MP: 4/4
  2463 | D:4      | Identified a scroll of acquirement
  2464 | D:4      | Acquired 517 gold pieces
  2494 | D:5      | Entered Level 5 of the Dungeon
  2528 | D:5      | Identified the +0 scale mail of Viclust {Int+2}
  2604 | D:5      | Found a burning altar of Makhleb.
  2625 | D:5      | Found an opulent altar of Gozag.
  2834 | D:5      | Killed from afar by an orc wizard

Illustrated notes

Levels and vault maps discovered:
D:1:      onia_arrival_mini_spirals, layout_basic, minmay_fountain_box
D:2:      layout_rooms, basic_altar
D:3:      layout_basic, mainiacjoe_overflow_alcove_4,
          ebering_ecumenical_altar_box, minmay_tree_intersection, uniq_robin
D:4:      layout_gridville, minmay_misc_feat_x
D:5:      layout_cave_pods, mainiacjoe_overflow_cross_hatched,
          grunt_gozag_breadcrumbs, nicolae_uskayaw_dance_hall

Skill      XL: |  1  2  3  4  5 |
---------------+----------------+-----
Armour         | 4 5 |  5.6
Shields        | 4 |  4.7
Dodging        | 1 2 |  2.1
Fighting       | 4 |  4.5
Axes           | 3 |  3.7

Action                     |  1- 3 |  4- 6 || total
---------------------------+-------+-------++-------
  Melee: War axe           |    76 |    68 ||   144
         Headbutt          |     6 |    11 ||    17
    Use: Potion            |     8 |     2 ||    10
         Scroll            |     5 |     4 ||     9
 Armour: Scale mail        |    33 |    16 ||    49
         Ring mail         |       |    15 ||    15
  Dodge: Dodged            |    30 |    42 ||    72
  Block: Buckler           |    15 |    15 ||    30
